 Dungeon Crawl Stone Soup version 0.26-a0-542-gbaa144ba5c (webtiles) character file.

Game seed: 13416085279070385271

(classic levelgen) 18 EnegeticOcto the Chopper (level 2, -2/27 HPs)
             Began as a Deep Dwarf Fighter on Aug 18, 2020.
             Slain by a bullfrog (5 damage)
             ... on level 2 of the Dungeon.
             The game lasted 00:00:36 (153 turns).

EnegeticOcto the Chopper (Deep Dwarf Fighter)        Turns: 153, Time: 00:00:37

Health: -2/27      AC:  6    Str: 19    XL:     2   Next: 48%
Magic:  2/2        EV:  7    Int:  8    God:
Gold:   31         SH:  9    Dex: 12    Spells: 1/1 levels left

rFire    . . .     SeeInvis .   a - +0 war axe
rCold    . . .     Faith    .   c - +0 kite shield
rNeg     . . .     Spirit   .   b - +0 scale mail
rPois    .         Reflect  .   (no helmet)
rElec    .         Harm     .   (no cloak)
rCorr    .                      (no gloves)
MR       .....                  (no boots)
Stlth    ..........             (no amulet)
HPRegen  0.00/turn              (no ring)
MPRegen  0.08/turn              (no ring)

@: non-regenerating
A: damage resistance, heal wounds, sense surroundings 1, no regeneration
a: Heal Wounds


You were on level 2 of the Dungeon.
You visited 1 branch of the dungeon, and saw 2 of its levels.

You collected 31 gold pieces.

Inventory:

Hand Weapons
 a - a +0 war axe (weapon)
Armour
 b - a +0 scale mail (worn)
 c - a +0 kite shield (worn)
Scrolls
 e - a scroll of identify {unknown}
 f - a scroll of remove curse {unknown}
 g - a scroll of teleportation {unknown}
Potions
 d - a potion of might {@q3 !q}


   Skills:
 - Level 2.6 Fighting
 + Level 3.5 Axes
 - Level 3.2 Armour
 - Level 3.2 Shields


You had one spell level left.
You didn't know any spells.
Your spell library was empty.

Dungeon Overview and Level Annotations

Branches:
Dungeon (2/15)

Altars:


Innate Abilities, Weirdness & Mutations

You are resistant to damage.
You can heal yourself by infusing magical energy.
You passively map a small area around you.
You do not regenerate.


Message History

No target in view!
No target in view!
Things that are here:
a +0 club; a goblin corpse
Found 12 gold pieces.
e - a scroll labeled MINLUA VISKIO You now have 24 gold pieces (gained 12).
A giant cockroach comes into view.
A giant cockroach is nearby!
You block the giant cockroach's attack.
You barely miss the giant cockroach. You block the giant cockroach's attack.
The giant cockroach bites you but does no damage.
You hit the giant cockroach but do no damage.
You block the giant cockroach's attack.
The giant cockroach bites you but does no damage.
You hit the giant cockroach.
The giant cockroach is moderately wounded.
You block the giant cockroach's attack. x2
You closely miss the giant cockroach.
The giant cockroach is moderately wounded.
You block the giant cockroach's attack.
You hit the giant cockroach.
You kill the giant cockroach!
You see here a giant cockroach corpse.
Found a stone staircase leading down.
Found a scroll labeled BITESTRUCZE.
A goblin comes into view. It is wielding a +0 club.
The goblin shouts!
f - a scroll labeled BITESTRUCZE You hit the goblin.
You kill the goblin!
Your Axes skill increases to level 3!
No target in view!
No target in view!
No target in view!
No target in view!
Things that are here:
a +0 club; a goblin corpse
There is a stone staircase leading down here.
You climb downwards.
A goblin comes into view.
The goblin shouts!
You hear an angry hiss.
There is a stone staircase leading up here.
You block the goblin's attack.
An adder comes into view.
The adder hisses angrily.
The goblin hits you but does no damage. You block the goblin's attack.
Found a stone staircase leading down.
You hit the adder.
The adder is heavily wounded.
You hit the goblin.
You kill the goblin!
You have reached level 2!
The adder bites you but does no damage. The adder barely misses you.
You slash the adder!
You kill the adder!
Found a scroll labeled OKEALY NUNUGONGE.
There is a stone staircase leading down here.
Found 7 gold pieces.
Found a stone staircase leading down.
g - a scroll labeled OKEALY NUNUGONGE A bullfrog comes into view.
The bullfrog gives a loud, deep croak!
Found an escape hatch in the ceiling.
You see here 7 gold pieces.
You now have 31 gold pieces (gained 7).
You slash the bullfrog!
The bullfrog is moderately wounded.
The bullfrog hits you. You block the bullfrog's attack.
You barely miss the bullfrog.
The bullfrog is moderately wounded.
The bullfrog hits you but does no damage.
The bullfrog hits you!
You barely miss the bullfrog.
The bullfrog is moderately wounded.
The bullfrog barely misses you. The bullfrog hits you.
You closely miss the bullfrog.
The bullfrog is moderately wounded.
The bullfrog hits you. x2
The bullfrog hits you but does no damage.
You are too injured to fight recklessly!
You are too injured to fight recklessly!
You are too injured to fight recklessly!
You are too injured to fight recklessly!
You are too injured to fight recklessly!
You are too injured to fight recklessly!
You barely miss the bullfrog.
The bullfrog is moderately wounded.
You block the bullfrog's attack. The bullfrog hits you!
You closely miss the bullfrog.
The bullfrog is moderately wounded.
The bullfrog hits you!
* * * LOW HITPOINT WARNING * * *
The bullfrog barely misses you.
You fail to use your ability.
The bullfrog barely misses you.
You fail to use your ability.
The bullfrog hits you.
You die...

#.............##
##.<...#.....##
####.#####.##
#.# #.# #.# #.#
* ..# #.### *
.## #...#######
* .# ###........
. #@F......
##..>..<. **
....... , , ,
....... , ,
....... , , * ,
....... * ,
.###### * , .. ,
,


You could see a bullfrog.

Vanquished Creatures
  An adder (D:2)
  A giant cockroach (D:1)
  3 goblins
  3 kobolds (D:1)
  A rat (D:1)
9 creatures vanquished.

Notes
Turn   | Place    | Note
-------+----------+-------------------------------------------
     0 | D:1      | EnegeticOcto the Deep Dwarf Fighter began the quest for the
                  | Orb.
     0 | D:1      | Reached XP level 1. HP: 20/20 MP: 1/1
   114 | D:1      | Reached skill level 3 in Axes
   126 | D:2      | Reached XP level 2. HP: 27/27 MP: 2/2
   142 | D:2      | Noticed a bullfrog
   153 | D:2      | Slain by a bullfrog

Illustrated notes

Levels and vault maps discovered:
D:1:      grunt_arrival_lava_bath, layout_loops_ring
D:2:      layout_rooms, grunt_dithmenos_smoke

Skill      XL: |  1 |
---------------+----+-----
Axes           | 3 |  3.5
Fighting       | |  2.6
Armour         | |  3.2
Shields        | |  3.2

Action                   || total
-------------------------++-------
Melee: War axe           ||    20
Armor: Scale mail        ||    11
Dodge: Dodged            ||     6
Block: Kite shield       ||    14

Table legend: (Time is in decaauts)
 A = Elapsed time spent in this place.
 B = Non-inter-level travel time spent in this place.
 C = Inter-level travel time spent in this place.
 D = Time resting spent in this place.
 E = Time spent auto-exploring this place.
 F = Levels seen in this place.
 G = Mean time per level.
                   A        B        C        D        E       F      G
               +--------+--------+--------+--------+--------+-----+--------+
         Total |    161 |    161 |      0 |      0 |      0 |   2 |   80.5 |
       Dungeon |    161 |    161 |      0 |      0 |      0 |   2 |   80.5 |
               +--------+--------+--------+--------+--------+-----+--------+

Top non-repeatable levels by time:
     D:1: 125 daAuts
     D:2: 35 daAuts
